 Dungeon Crawl Stone Soup version 0.21-a0-440-g28109cb (webtiles) character file.

219 Beatriz the Skirmisher (level 5, -8/42 HPs)
             Began as a Demonspawn Abyssal Knight on Nov 11, 2017.
             Was a Priest of Lugonu.
             Killed by divine providence
             ... invoked by an orc priest
              (17 damage)
             ... on level 4 of the Dungeon.
             The game lasted 00:04:14 (2260 turns).

Beatriz the Skirmisher (Demonspawn Abyssal Knight)  Turns: 2260, Time: 00:04:16

Health: -8/42      AC: 11    Str: 14    XL:     5   Next: 63%
Magic:  6/6        EV:  8    Int: 17    God:    Lugonu [***...]
Gold:   150        SH:  0    Dex: 12    Spells: 4/4 levels left

rFire    . . .     SeeInvis .   a - +1 hand axe
rCold    + . .     Gourm    .   (no shield)
rNeg     . . .     Faith    .   w - +2 chain mail {rPois}
rPois    +         Spirit   .   (helmet restricted)
rElec    .         Reflect  .   (no cloak)
rCorr    .         Harm     .   (no gloves)
MR       .....                  (no boots)
Stlth    ..........             (no amulet)
HPRegen  0.14/turn              j - +4 ring of intelligence (curse)
MPRegen  0.10/turn              q - ring of protection from cold

@: no status effects
A: horns 1, repulsion field 1
a: Depart the Abyss, Bend Space, Banish, Renounce Religion


You were on level 4 of the Dungeon.
You worshipped Lugonu.
Lugonu was most pleased with you.
You were not hungry.

You visited 1 branch of the dungeon, and saw 4 of its levels.
You visited the Abyss 1 time.

You collected 150 gold pieces.

Inventory:

Hand Weapons
 a - a +1 hand axe (weapon)
Armour
 w - a +2 chain mail of poison resistance (worn)
Jewellery
 j - a cursed +4 ring of intelligence (left hand)
 l - a +4 ring of intelligence
 q - a ring of protection from cold (right hand)
Wands
 m - a wand of confusion (34/48)
 p - a wand of iceblast (5/15)
Scrolls
 b - 2 scrolls of remove curse
 r - 2 scrolls of enchant armour {unknown}
 s - 3 scrolls of identify
 u - 2 scrolls of teleportation {unknown}
 v - a scroll of enchant weapon {unknown}
 x - a scroll of random uselessness {unknown}
Potions
 e - 2 potions of haste {unknown}
 h - a potion of resistance {unknown}
 i - a potion of heal wounds {unknown}
 k - a potion of flight {unknown}
 n - a potion of lignification {unknown}
 o - 2 potions of cancellation {unknown}
Comestibles
 c - 3 bread rations
 f - 3 meat rations
 g - 2 fruits
 t - a royal jelly


   Skills:
 + Level 4.1 Fighting
 + Level 3.8 Axes
 + Level 3.0 Armour
 + Level 1.2 Dodging
 + Level 0.1 Stealth
 + Level 2.6 Invocations


You had 4 spell levels left.
You didn't know any spells.

Dungeon Overview and Level Annotations

Branches:
Dungeon (4/15)
 Temple: D:4-7

Altars:
Dithmenos
Fedhas
Okawaru
Sif Muna
Wu Jian
Xom
Yredelemnul
The Shining One


Innate Abilities, Weirdness & Mutations

You have a pair of small horns on your head.
You are surrounded by a mild repulsion field. (EV +2)


Message History

There are monsters nearby!
You are too injured to fight recklessly!
There are monsters nearby!
You are too injured to fight recklessly!
Your chain mail prevents you from hitting the orc priest.
The orc priest is moderately wounded.
You closely miss the orc priest. The orc priest hits you with a flail.
The orc priest hits you with a club.
* * * LOW HITPOINT WARNING * * *
You hit the orc priest.
The orc priest is heavily wounded.
You hit the orc priest. The orc priest closely misses you.
The orc priest hits you but does no damage.
Your chain mail prevents you from hitting the orc priest.
The orc priest is heavily wounded.
You hit the orc priest. The orc priest hits you with a flail.
* * * LOW HITPOINT WARNING * * *
The orc priest invokes the aid of Beogh against you.
Beogh smites you!
You die...

## . ##.## #.#....###
#........###
...........###
.............##
..............###
......o@........#
.......o........##
...............†.#
.................#
.................#
#................##
##<...............######
##.....................
..........†########


You could see 2 orc priests.

Vanquished Creatures
  An orc wizard (D:4)
  An iguana (D:4)
  Ijyb (D:3)
  Robin (D:2)
  2 adders
  A worm (D:2)
  4 dart slugs
  4 leopard geckos
  7 orcs
  2 giant cockroaches
  16 goblins
  14 hobgoblins
  5 jackals
  8 kobolds
  A quokka (D:2)
  5 bats
  3 frilled lizards
  7 rats
  A spectral orc (D:3)
84 creatures vanquished.

Notes
Turn   | Place    | Note
-------+----------+-------------------------------------------
     0 | Abyss:1  | Beatriz the Demonspawn Abyssal Knight began the quest for the Orb.
     0 | Abyss:1  | Reached XP level 1. HP: 18/18 MP: 2/2
     2 | Abyss:1  | Found a corrupted altar of Lugonu.
    49 | Abyss:1  | Noticed an ancient zyme
    49 | Abyss:1  | Noticed a small abomination
   143 | Abyss:1  | Noticed an orange demon
   158 | D:1      | Escaped the Abyss
   425 | D:1      | Gained mutation: You have a pair of small horns on your head. [demonic ancestry]
   425 | D:1      | Reached XP level 2. HP: 24/24 MP: 3/3
   446 | D:1      | Reached * piety under Lugonu
   636 | D:1      | Gained mutation: You are surrounded by a mild repulsion field. (EV +2) [demonic ancestry]
   636 | D:1      | Reached XP level 3. HP: 22/29 MP: 4/4
   648 | D:1      | Reached skill level 1 in Dodging
   809 | D:1      | Reached ** piety under Lugonu
  1193 | D:2      | You fall through a shaft!
  1193 | D:3      | Found an ornate altar of the Wu Jian Council.
  1193 | D:3      | Found a shattered altar of Ashenzari.
  1193 | D:3      | Found a shimmering altar of Xom.
  1193 | D:3      | Found a shadowy altar of Dithmenos.
  1193 | D:3      | Found a deep blue altar of Sif Muna.
  1193 | D:3      | Found an ornate altar of the Wu Jian Council.
  1215 | D:3      | Reached XP level 4. HP: 33/37 MP: 5/5
  1225 | D:3      | Noticed Ijyb
  1271 | D:3      | Killed Ijyb
  1282 | D:3      | Found an iron altar of Okawaru.
  1439 | D:3      | Found a blossoming altar of Fedhas.
  1465 | D:3      | Found a glowing golden altar of the Shining One.
  1767 | D:3      | Reached skill level 4 in Fighting
  1900 | D:3      | Found a basalt altar of Yredelemnul.
  1980 | D:2      | Noticed Robin
  1988 | D:2      | Reached *** piety under Lugonu
  1994 | D:2      | Killed Robin
  1994 | D:2      | Reached XP level 5. HP: 32/42 MP: 6/6
  2260 | D:4      | Killed from afar by an orc priest

Vault maps used:
D:1:      eino_arrival_water_cross
D:2:      first_bread, uniq_robin
D:3:      fedhas_altar_2, okawaru_trees_2, yredelemnul_forgotten_temple_becter,
          overflow_temple_1_default, doesnt_xom_only_xom, uniq_ijyb
D:4:      nicolae_overflow_hidden_temple
Abyss:1:  minivault_28

Skill      XL: |  1  2  3  4  5 |
---------------+----------------+-----
Axes           | 2 3 |  3.8
Armour         | 2 3 |  3.0
Dodging        | 1 |  1.2
Fighting       | 4 |  4.1
Stealth        | |  0.1
Invocations    | |  2.6

Action                   |  1- 3 |  4- 6 || total
-------------------------+-------+-------++-------
Melee: Hand axe          |   118 |   137 ||   255
       Headbutt          |    16 |    20 ||    36
Invok: Depart the Abyss  |     1 |       ||     1
  Use: Scroll            |       |     1 ||     1
  Eat: Chunk             |     1 |     4 ||     5
Armor: Leather armour    |     7 |       ||     7
       Ring mail         |    36 |    42 ||    78
       Chain mail        |       |    21 ||    21
Dodge: Dodged            |    69 |    78 ||   147

Table legend:
 A = Spawn XP
 B = Non-spawn XP
 C = Spawn XP percentage of total XP
 D = Spawn monster count
 E = Non-spawn monster count
 F = Spawn count percentage of total count
 G = Total turns spent on level
                    A         B        C        D         E        F      G
               +---------+---------+-------+---------+---------+-------+---------
         Total |       0 |     313 |   0.0 |       0 |      84 |   0.0 |  2260
               +---------+---------+-------+---------+---------+-------+---------
           D:1 |       0 |      62 |   0.0 |       0 |      31 |   0.0 |   768
           D:2 |       0 |      69 |   0.0 |       0 |      24 |   0.0 |   384
           D:3 |       0 |      78 |   0.0 |       0 |      17 |   0.0 |   793
           D:4 |       0 |     104 |   0.0 |       0 |      12 |   0.0 |   157
               +---------+---------+-------+---------+---------+-------+---------
